Map: Echo LE (Void)

Players

Fropez - Winner!

  • Race: Protoss Protoss
  • League: Gold
  • Spawn Location: 5:00

QianHaha

  • Race: Terran Terran
  • League: Gold
  • Spawn Location: 11:00

VOD

Have the link to the VOD?

Description

Time

  • Played on: Dec. 23, 2016, 2:20 p.m.
  • Length: 8:49
Show
View Real Time Build Order
Export as new Build Order

Fropez Protoss - Winner!

Build Orders: 1 Gate Expand 

Get SALT Encoding   

  12  0:00  Probe (Chrono Boost)  
  13  0:11  Probe (Chrono Boost)  
  14  0:22  Pylon, Probe (Chrono Boost)  
  15  0:40  Probe (Chrono Boost)  
  15  0:42  Gateway  
  16  0:50  Probe (Chrono Boost)  
  16  0:51  Assimilator  
  17  1:01  Probe (Chrono Boost)  
  18  1:18  Probe (Chrono Boost)  
  19  1:19  Pylon  
  19  1:30  Probe (Chrono Boost)  
  20  1:41  Nexus  
  20  1:45  Pylon  
  20  1:50  Probe (Chrono Boost)  
  21  1:56  Cybernetics Core  
  21  2:06  Probe (Chrono Boost)  
  22  2:09  Pylon  
  22  2:14  Assimilator  
  22  2:16  Probe (Chrono Boost)  
  22  2:18  Gateway  
  23  2:25  Warp Gate  
  24  2:39  Adept  
  24  2:41  Mothership Core (Chrono Boost)  
  26  3:00  Probe x2 (Chrono Boost)  
  28  3:10  Probe (Chrono Boost)  
  30  3:13  Probe (Chrono Boost)  
  30  3:21  Probe (Chrono Boost)  
  30  3:23  Adept x2  
  30  3:25  Probe (Chrono Boost)  
  36  3:31  Probe (Chrono Boost)  
  36  3:33  Twilight Council  
  37  3:37  Probe (Chrono Boost)  
  38  3:42  Probe (Chrono Boost)  
  40  3:49  Probe (Chrono Boost)  
  40  3:53  Probe (Chrono Boost)  
  41  3:59  Pylon  
  41  4:01  Probe (Chrono Boost)  
  40  4:12  Adept x2  
  40  4:14  Resonating Glaives  
  45  4:18  Probe (Chrono Boost)  
  45  4:23  Probe (Chrono Boost)  
  46  4:30  Probe (Chrono Boost)  
  47  4:34  Probe (Chrono Boost)  
  48  4:42  Probe (Chrono Boost)  
  48  4:44  Probe (Chrono Boost)  
  50  4:51  Gateway  
  51  4:53  Gateway  
  51  4:54  Probe (Chrono Boost)  
  51  4:55  Probe (Chrono Boost)  
  51  4:56  Assimilator  
  51  4:57  Pylon  
  51  4:59  Assimilator  
  52  5:02  Stalker x2  
  52  5:06  Pylon, Probe (Chrono Boost)  
  57  5:09  Probe (Chrono Boost)  
  56  5:30  Stalker  
  56  5:32  Stalker  
  60  5:35  Probe (Chrono Boost)  
  60  5:37  Nexus, Probe (Chrono Boost)  
  60  5:40  Pylon  
  60  5:47  Forge  
  60  5:50  Stalker x2  
  60  5:52  Pylon  
  60  5:54  Probe (Chrono Boost)  
  60  5:55  Probe (Chrono Boost)  
  66  6:05  Blink  
  66  6:07  Protoss Ground Weapons Level 1  
  66  6:16  Stalker x4  
  74  6:26  Probe x2 (Chrono Boost)  
  74  6:30  Pylon  
  74  6:42  Pylon  
  74  6:51  Probe x2 (Chrono Boost)  
  74  6:52  Stalker x2  
  74  6:53  Stalker x2  
  74  6:54  Probe (Chrono Boost)  
  85  7:02  Gateway  
  85  7:03  Probe x2 (Chrono Boost)  
  85  7:04  Probe (Chrono Boost), Gateway  
  85  7:07  Gateway  
  88  7:12  Pylon  
  88  7:15  Probe x2 (Chrono Boost)  
  90  7:20  Stalker x3  
  90  7:21  Stalker  
  98  7:25  Pylon  
  96  7:45  Stalker x4  
  104  8:11  Robotics Facility  
  101  8:13  Gateway x2  
  101  8:18  Gateway  
  101  8:19  Pylon  
  89  8:31  Stalker x2  
  89  8:32  Stalker x5  
  99  8:41  Nexus  
Show
View Real Time Build Order
Export as new Build Order

QianHaha Terran 

Build Orders: Reaper Expand 

Get SALT Encoding   

  12  0:01  SCV  
  13  0:13  SCV  
  14  0:18  Supply Depot  
  14  0:29  Refinery  
  14  0:30  SCV  
  15  0:41  Barracks  
  15  0:45  SCV  
  16  0:57  SCV  
  17  1:09  SCV  
  18  1:23  SCV  
  19  1:28  Reaper  
  20  1:40  Orbital Command  
  20  2:01  Factory  
  20  2:04  Command Center  
  20  2:06  Barracks Reactor  
  20  2:32  SCV  
  20  2:34  Refinery  
  22  2:44  SCV  
  22  3:06  Starport  
  22  3:12  Barracks Tech Lab  
  22  3:16  Hellion x2  
  26  3:21  SCV  
  27  3:30  Supply Depot  
  27  3:33  SCV  
  28  3:42  Orbital Command  
  28  3:46  SCV  
  29  3:57  Cyclone x2  
  29  3:58  SCV  
  36  4:10  SCV x2  
  36  4:14  Barracks Reactor  
  36  4:15  Factory  
  38  4:22  SCV x2  
  40  4:34  SCV  
  40  4:35  SCV  
  40  4:38  Supply Depot  
  41  4:46  SCV  
  41  4:47  SCV  
  41  4:49  Cyclone  
  46  4:57  Supply Depot  
  51  5:00  SCV x2, Supply Depot, Cyclone  
  51  5:02  Supply Depot  
  51  5:08  Refinery  
  51  5:12  SCV x2  
  53  5:19  Command Center  
  53  5:24  SCV  
  54  5:32  Cyclone x2  
  54  5:34  Hellion x2  
  64  5:38  Viking  
  66  5:49  Supply Depot  
  66  5:50  SCV  
  66  5:51  SCV  
  66  5:56  Supply Depot  
  68  6:01  Hellion x2  
  68  6:03  SCV x2  
  74  6:08  Armory  
  74  6:15  SCV  
  75  6:21  Engineering Bay  
  75  6:22  SCV  
  76  6:27  SCV  
  77  6:34  SCV  
  77  6:35  Orbital Command  
  77  6:39  SCV, Factory  
  79  6:51  Refinery  
  79  6:53  SCV x2  
  81  7:05  SCV x2  
  83  7:14  Raven  
  85  7:17  SCV x2  
  87  7:29  SCV x2  
  89  7:31  Factory Tech Lab  
  89  7:36  Factory  
  89  7:41  SCV x2  
  91  7:44  Cyclone  
  91  7:45  Cyclone x3  
  103  7:53  SCV  
  104  7:59  Barracks  
Tags
 
Add a new tag
Caveats
  • Supply blocks, unpowered buildings, or Contaminate may cause inaccurate times.
  • Supply counts are checked every 10 seconds.